[Event "*** Titled Tuesday Blitz"]
[Site "Chess.com"]
[Date "2021.03.09"]
[Round "6"]
[White "Niktlt"]
[Black "PopMilan95"]
[Result "1/2-1/2"]
[WhiteElo "2445"]
[BlackElo "2601"]
[TimeControl "180+1"]
[EndTime "11:12:23 PST"]
[Termination "Game drawn - insufficient material"]

1. c4 Nf6 2. Nc3 g6 3. g3 Bg7 4. Bg2 O-O 5. Nf3 d6 6. O-O Nc6 7. d4 Bg4 8. b3 e5 9. d5 Nb8 10. Bb2 a5 11. a3 Na6 12. h3 Bd7 13. Qc2 Ne8 14. Ne1 f5 15. f4 exf4 16. gxf4 Nf6 17. Nf3 Nh5 18. e3 Re8 19. Rfe1 Re7 20. Ng5 Qe8 21. Ne6 Bxe6 22. dxe6 c6 23. Bf3 Nf6 24.
Kf2 Rxe6 25. Re2 Qe7 26. b4 Ne4+ 27. Nxe4 Bxb2 28. Qxb2 fxe4 29. Bg4 Qh4+ 30. Kg2 Re7 31. Rd2 h5 32. Be2 Rg7 33. Rxd6 g5 34. f5 g4 35. Rg6 Qxh3+ 36. Kf2 Rxg6 37. fxg6 Rf8+ 38. Ke1 Qxe3 39. c5 Rd8 40. Qa2+ Kh8 41. Qb2+ Qd4 42.
Qxd4+ Rxd4 43. bxa5 Nxc5 44. Rb1 Rd5 45. Rb6 Kg7 46. a6 bxa6 47. Rxc6 Rg5 48. Kf2 h4 49.
Kg2 g3 50. Rc7+ Kxg6 51. Rc6+ Kg7 52. Rc7+ Kf6 53. Rc6+ Ne6 54. Bc4 h3+ 55. Kg1 g2 56. Rxe6+ Kf5 57. Rh6 Rg3 58. Be6+ Kf4 59. Bxh3 Rxa3 60.
Bxg2 e3 61. Rf6+ Ke5 62. Rf8 Ra1+ 63. Kh2 Kd4 64. Re8 Kd3 65. Kg3 e2 66. Kf2 Kd2 67. Rd8+ Kc3 68. Re8 e1=Q+ 69. Rxe1 Rxe1 70. Kxe1 a5 71. Kd1 a4 72. Kc1 a3 73. Kb1 a2+ 74. Ka1 Kb4 75. Bd5 Ka3 76. Bxa2 1/2-1/2

[Event "*** Titled Tuesday Blitz"]
[Site "Chess.com"]
[Date "2021.03.09"]
[Round "6"]
[White "kamilianin235"]
[Black "niki_2003"]
[Result "1-0"]
[WhiteElo "2272"]
[BlackElo "2042"]
[TimeControl "180+1"]
[EndTime "11:12:24 PST"]
[Termination "kamilianin235 won by checkmate"]

1. e4 c6 2. d4 d5 3. Nd2 dxe4 4.
Nxe4 Nf6 5. Nxf6+ exf6 6. c3 Bd6 7. Bd3 Be6 8. Qc2 h6 9. Ne2 O-O 10. O-O Re8 11. Nf4 Qc7 12. Nxe6 Bxh2+ 13. Kh1 Rxe6 14.
Bc4 Re7 15. g3 Bxg3 16. fxg3 Qxg3 17. Qg2 Qh4+ 18. Qh2 Qe4+ 19. Qg2 Qh4+ 20. Kg1 Re4 21. Be2 Nd7 22. Bf3 Re1 23. Bd2 Rxa1 24. Rxa1 Re8 25.
Rf1 f5 26. Qh2 Qf6 27. Re1 Rxe1+ 28. Bxe1 Qe6 29. Qe2 Qxa2 30. Bg3 Qe6 31. Qxe6 fxe6 32. Bh5 g5 33. Bd6 g4 34. Be5 Kf8 35. Kf2 Ke7 36. Ke3 Nf6 37. Bxf6+ Kxf6 38. Kf4 b6 39. Be8 c5 40. Bh5 a5 41. Be8 c4 42. Bb5 h5 43. Bxc4 h4 44. Bf1 h3 45. b3 Kg6 46.
Ke5 g3 47. Bxh3 Kg5 48. Kxe6 Kh4 49. Bg2 f4 50. d5 Kg4 51. d6 f3 52. Bxf3+ Kxf3 53.
d7 g2 54. d8=Q g1=Q 55. Qd5+ Kg4 56. Qe4+ Kh3 57. Qh7+ Kg2 58. Qg6+ Kf1 59. Qxg1+ Kxg1 60. Kd6 b5 61. Kc5 a4 62. bxa4 bxa4 63. Kb4 Kf2 64. Kxa4 Ke3 65. Kb5 Ke4 66. c4 Ke5 67. c5 Ke6 68.
Kb6 Kd7 69. Kb7 Kd8 70. c6 Ke7 71. c7 Kd6 72. c8=Q Ke5 73. Qd7 Kf6 74. Qe8 Kg7 75.
Qe6 Kh8 76. Qe7 Kg8 77. Kc7 Kh8 78. Kd6 Kg8 79. Ke6 Kh8 80. Kf6 Kg8 81. Kg6 Kh8 82. Qd8# 1-0

[Event "*** Titled Tuesday Blitz"]
[Site "Chess.com"]
[Date "2021.03.09"]
[Round "6"]
[White "Leonid_Starozhilov"]
[Black "enriquetejedor"]
[Result "1-0"]
[WhiteElo "2697"]
[BlackElo "2544"]
[TimeControl "180+1"]
[EndTime "11:12:26 PST"]
[Termination "Leonid_Starozhilov won by resignation"]

1. e4 c6 2. d3 d5 3. Nd2 g6 4. h4 h5 5. Ngf3 Bg7 6. c3 e5 7. d4 exd4 8. cxd4 dxe4 9. Nxe4 Nf6 10. Nxf6+ Qxf6 11. Bg5 Qd6 12. Bc4 Qb4+ 13. Nd2 O-O 14. O-O Qxb2 15. Nb3 Qa3 16. Re1 b5 17. Be7 Qa4 18.
Bxf8 Bxf8 19. Bd3 Bg4 20. Qc2 Kg7 21. Re8 Bd7 22. Re4 Na6 23. d5 Nb4 24. Qc3+ Kg8 25. dxc6 Bxc6 26. Rxb4 Qxb4 27. Qxc6 Rd8 28. Qe4 Qxe4 29.
Bxe4 Rd7 30. Bf3 Rc7 31. Rd1 Bb4 32. Rd5 a6 33. Be4 Be7 34. g3 Kg7 35. Kg2 Bf6 36. Rc5 Re7 37. Bf3 Bb2 38. Rc6 Ra7 39. Nc5 a5 40. Nd3 Bd4 41. Rd6 Bf6 42. Rd5 b4 43.
Nc5 Bc3 44. Na4 Ba1 45. Rb5 Bf6 46. Rb7 Ra6 47. Bd5 Rd6 48. Bxf7 Kh6 49. Bg8 Bg7 50. Nc5 Rd8 51. Bf7 Rd2 52. Ne4 Re2 53. Ng5 Bd4 54.
Nh3 Kg7 55. Bc4+ Kf6 56. Bxe2 Ke5 57. Ng5 Bc3 58. Bc4 Kd4 59. Bb3 Ba1 60. Ra7 Kc3 61. Rxa5 Kb2 62. Ra6 Kc3 63. Rxg6 Bb2 64. Nh3 Ba1 65. Nf4 Kb2 66. Nxh5 Ka3 67. Nf4 Bb2 68. Nd3 Bf6 69. Nxb4 Kb2 70. Rxf6 Ka3 71. Nc6 Kb2 72. Nb8 Kc3 73. Rc6+ Kd4 74. h5 Ke5 75. h6 Kf5 76.
Re6 Kg4 77. h7 1-0

[Event "*** Titled Tuesday Blitz"]
[Site "Chess.com"]
[Date "2021.03.09"]
[Round "6"]
[White "GM_Crest"]
[Black "Olga_Girya"]
[Result "1-0"]
[WhiteElo "2764"]
[BlackElo "2463"]
[TimeControl "180+1"]
[EndTime "11:12:26 PST"]
[Termination "GM_Crest won by resignation"]

1. d4 Nf6 2. c4 e6 3. Nc3 d5 4.
cxd5 exd5 5. Bg5 Bb4 6. e3 h6 7. Bh4 g5 8. Bg3 Ne4 9. Ne2 h5 10. f3 Nxg3 11. hxg3 c6 12. Qc2 Be6 13. O-O-O Nd7 14.
g4 h4 15. g3 Qf6 16. Bg2 h3 17. Rxh3 Rxh3 18. Bxh3 Qxf3 19. Qd3 Qf6 20. e4 O-O-O 21. exd5 cxd5 22. Bg2 Nb6 23. Bf3 Kb8 24. Kb1 Nc4 25. a3 Ba5 26. Ka1 Qe7 27. Ka2 Qd7 28. Rc1 Rc8 29.
Rc2 a6 30. Nc1 Bxc3 31. Rxc3 Bxg4 32. Bg2 Bf5 33. Qe2 Re8 34. Qf2 Be4 35. Nd3 Bxd3 36. Rxd3 Re7 37. Rf3 Qe8 38. Bf1 Nd6 39. Qc2 Ne4 40. Bd3 Rc7 41. Qb3 f6 42. Qxd5 Re7 43.
Bxe4 Rxe4 44. Rxf6 Re2 45. Rf7 Qb5 46. Qxb5 axb5 47. Rf5 Rd2 48. Rxg5 Rxd4 49. Rxb5 Rg4 50. Rb3 Kc7 51. Rc3+ Kb6 52. b4 Kb5 53. Kb3 b6 54.
a4+ Ka6 55. Re3 Kb7 56. b5 Kc7 57. Re7+ Kd6 58. Re3 Kc5 59. Rc3+ Kd5 60. Ka3 Kd4 61. Rc6 Rxg3+ 62. Kb4 Rg1 63. Rd6+ Ke5 64. Rxb6 Kd5 65.
Rc6 Rg8 66. Rc4 Ra8 67. Rh4 Kd6 68. a5 Kc7 69. Rh7+ Kd6 70. a6 Rf8 71. Ka5 Rf1 72.
Kb6 Rf6 73. a7 Kd5+ 74. Kb7 1-0

[Event "*** Titled Tuesday Blitz"]
[Site "Chess.com"]
[Date "2021.03.09"]
[Round "6"]
[White "Genghis_K"]
[Black "vinniethepooh"]
[Result "1/2-1/2"]
[WhiteElo "2904"]
[BlackElo "2721"]
[TimeControl "180+1"]
[EndTime "11:12:27 PST"]
[Termination "Game drawn - insufficient material"]

1. e4 c5 2. Nf3 d6 3. Nc3 Nf6 4. e5 dxe5 5. Nxe5 Qc7 6. d4 e6 7.
Bf4 Qb6 8. Nc4 Qd8 9. dxc5 Bxc5 10. Qxd8+ Kxd8 11. Rd1+ Bd7 12. Nb5 Nd5 13. Bd6 Na6 14.
Ne5 Bxb5 15. Bxb5 Bxd6 16. Nxf7+ Ke7 17. Nxd6 Nac7 18. Be2 Kxd6 19. c4 Rhf8 20. O-O Rf4 21. Rfe1 Raf8 22. f3 b6 23. b3 g5 24. h3 h5 25. cxd5 exd5 26. Rd2 Re8 27. Red1 Rf5 28. Bd3 Rfe5 29. Kf2 Rf8 30. Rc2 g4 31. hxg4 hxg4 32. Rh1 gxf3 33. gxf3 Ne6 34. Rh6 Ke7 35. Rh7+ Rf7 36.
Rxf7+ Kxf7 37. Rc8 Rh5 38. Kg3 Rg5+ 39. Kf2 Nf4 40. Bf1 Ne6 41. Ra8 d4 42. Rxa7+ Kf6 43. Rd7 Rc5 44. Bc4 b5 45. Bxe6 Kxe6 46. Rxd4 Rc2+ 47.
Ke3 Rxa2 48. Rb4 Ra5 49. Kd4 Kd6 50. f4 Kc6 51. Ke5 Ra1 52. f5 Re1+ 53. Re4 Rb1 54. b4 Kd7 55. Kf6 Rc1 56. Re5 Kc6 57. Ke7 Rc4 58. Re6+ Kd5 59. f6 Rc7+ 60. Kd8 Ra7 61.
Re7 Ra8+ 62. Kd7 Ra7+ 63. Ke8 Ra6 64. Kf7 Ra4 65. Rd7+ Kc4 66. Ke7 Ra3 67. f7 Re3+ 68.
Kd8 Rf3 69. Ke8 Kxb4 70. Rd4+ Kc3 71. Rd1 b4 72. Rc1+ Kb2 73. Rc5 b3 74. Rb5 Rxf7 75. Kxf7 Kc2 76. Ke6 b2 77. Rxb2+ Kxb2 1/2-1/2

[Event "*** Titled Tuesday Blitz"]
[Site "Chess.com"]
[Date "2021.03.09"]
[Round "6"]
[White "beautroll"]
[Black "BvsN"]
[Result "1/2-1/2"]
[WhiteElo "2441"]
[BlackElo "2312"]
[TimeControl "180+1"]
[EndTime "11:12:27 PST"]
[Termination "Game drawn by repetition"]

1. e4 c5 2. Nf3 e6 3. d4 cxd4 4. Nxd4 a6 5. Bd3 Nf6 6. O-O Qc7 7. Qe2 d6 8. Kh1 g6 9. Nc3 Bg7 10. Nf3 O-O 11. Bf4 Nc6 12. Rad1 e5 13. Bg5 Bg4 14. Bxf6 Bxf6 15. Nd5 Qd8 16. c3 Bg7 17. h3 Be6 18. Bc4 b5 19. Bb3 Na5 20. Bc2 Nc4 21.
b3 Nb6 22. Ne3 Qc7 23. Qd2 Rfd8 24. Ng5 Qe7 25. Nxe6 Qxe6 26. c4 bxc4 27. Qb4 d5 28.
exd5 Nxd5 29. Nxd5 Rxd5 30. bxc4 Rd4 31. Bb3 Qc6 32.
Qa5 e4 33. Rfe1 Qe6 34. c5 Qe5 35. Rxd4 Qxd4 36. c6 Qxf2 37. Rxe4 Bd4 38. Qe1 Qxe1+ 39. Rxe1 Rc8 40. Bd5 Rc7 41. Re8+ Kg7 42. a4 Bb6 43. Ra8 a5 44. Ra6 Bd4 45. Rxa5 Kf6 46. Rb5 Ke7 47.
a5 Kd6 48. a6 Ba7 49. Rb7 f6 50. Bf3 h6 51. Kh2 f5 52. Kg3 g5 53. h4 Re7 54. Rxe7 Kxe7 55. hxg5 hxg5 56. Bh5 Kd6 57.
Be8 Kc7 58. Kf3 Bd4 59. Bd7 f4 60. Kg4 Be3 61. Kf5 Kb6 62. a7 Kxa7 63. Ke4 Kb6 64. Kf3 Kc7 65. g3 Bc1 66. g4 Bd2 67. Ke4 Be3 68. Kf3 Bc1 69. Ke2 Be3 70. Kd3 Bc1 71. Ke4 Be3 72. Be8 Kd8 73. Bd7 Kc7 1/2-1/2

[Event "*** Titled Tuesday Blitz"]
[Site "Chess.com"]
[Date "2021.03.09"]
[Round "6"]
[White "yonaltimur"]
[Black "gusmaster2262"]
[Result "0-1"]
[WhiteElo "1802"]
[BlackElo "2142"]
[TimeControl "180+1"]
[EndTime "11:12:28 PST"]
[Termination "gusmaster2262 won on time"]

1. e4 c6 2. d4 d5 3. e5 Bf5 4. h4 h6 5. g4 Bd7 6. h5 e6 7. Nf3 c5 8. c3 Nc6 9. Be2 Rc8 10. O-O cxd4 11. cxd4 Bb4 12. Bd2 Qb6 13. Qb3 Nge7 14. a3 Bxd2 15. Qxb6 axb6 16. Nbxd2 f5 17. exf6 gxf6 18. Kh2 Kf7 19. Nb3 e5 20. dxe5 fxe5 21.
Nh4 Na5 22. Nxa5 bxa5 23. Rac1 e4 24. f4 d4 25. Rxc8 Rxc8 26. Bd1 e3 27. g5 d3 28. Nf3 e2 29. Bb3+ Kg7 30. Re1 Bg4 31. Nd2 Bxh5 32. gxh6+ Kxh6 33. Kg3 Nf5+ 34. Kf2 b5 35.
Be6 Rf8 36. Bxf5 Rxf5 37. Ke3 Rd5 38. b4 a4 39. Ne4 Rd8 40. Nd2 Bg6 41. Kf2 Rd4 42.
Ke3 Rd7 43. Kf2 Rf7 44. Ke3 Re7+ 45. Kf2 Bf5 46. Kf3 Kg6 47. Kf2 Kf6 48. Kf3 Ke6 49. Kf2 Kd5 50. Rc1 Kd4 51. Nf3+ Kd5 52. Nd2 Rd7 53. Rc5+ Ke6 54. Re5+ Kf6 55. Rc5 Re7 56. Rc1 Bg4 57. Re1 Kf5 58. Kg3 Bh5 59. Kh4 Bg6 60.
Kg3 Re3+ 61. Kf2 Kxf4 62. Rc1 e1=Q+ 63. Rxe1 Rxe1 64. Kxe1 Ke3 65. Kd1 Kd4 66. Kc1 Kc3 67.
Nf3 Kb3 68. Ne5 Bf5 69. Nc6 Kxa3 70. Kd2 Kb2 0-1

[Event "*** Titled Tuesday Blitz"]
[Site "Chess.com"]
[Date "2021.03.09"]
[Round "6"]
[White "sau6on"]
[Black "PushingpawnsNYC"]
[Result "1/2-1/2"]
[WhiteElo "2433"]
[BlackElo "2308"]
[TimeControl "180+1"]
[EndTime "11:12:29 PST"]
[Termination "Game drawn by repetition"]

1. e4 c5 2. Nf3 e6 3. d4 cxd4 4.
Nxd4 a6 5. Nc3 Bb4 6. Qg4 Nf6 7.
Qxg7 Rg8 8. Qh6 Rg6 9. Qe3 Ng4 10. Qe2 Qb6 11. Nb3 Nc6 12. f3 Nd4 13. Nxd4 Qxd4 14. Bd2 Ne5 15. O-O-O Qb6 16. h3 Nc6 17. f4 Rg3 18. e5 Qa5 19. Qe1 Rg8 20. Kb1 d5 21. a3 Bxc3 22. Bxc3 Qc7 23. g4 Bd7 24. Bg2 O-O-O 25. Rf1 h5 26. g5 b5 27. h4 Kb7 28.
Qe3 Ka8 29. Bd4 Rb8 30. Rf2 b4 31. a4 Nxd4 32. Rxd4 Bxa4 33. b3 Bd7 34. Kb2 Rgc8 35. Rfd2 Qc3+ 36. Qxc3 bxc3+ 37. Kc1 cxd2+ 38. Kxd2 Rc5 39. Bf3 Ka7 40. Bxh5 Rbc8 41. Bd1 Rc3 42. h5 Rh3 43. h6 Bb5 44. Kc1 Rh2 45. f5 Rg8 46. g6 fxg6 47.
fxe6 Rxh6 48. Rxd5 g5 49. c4 Bc6 50. Rd6 Kb6 51. Bf3 Rc8 52. b4 Rh7 53. c5+ Kb7 54.
Rd7+ Rxd7 55. exd7 Rd8 56. e6 Bxf3 57. e7 Kc7 58. e8=Q Rxd7 59. Qe5+ Kc8 60. Qxg5 Bc6 61. Qg8+ Kc7 62. Qg3+ Kb7 63. Kc2 Be4+ 64. Kc3 Bc6 65.
Qe3 Bb5 66. Qe6 Rd3+ 67. Kc2 Rd7 68. Qb6+ Kc8 69. c6 Rc7 70. Kb3 Rxc6 71. Qd4 Rc7 72. Qe5 Kb7 73. Qe6 Bc6 74. Qd6 Bb5 75. Qd5+ Kb6 76.
Qd6+ Kb7 77. Qd4 Bc6 78. Qd6 Bb5 1/2-1/2

[Event "*** Titled Tuesday Blitz"]
[Site "Chess.com"]
[Date "2021.03.09"]
[Round "6"]
[White "LileKoridze"]
[Black "Mrlammy"]
[Result "0-1"]
[WhiteElo "2430"]
[BlackElo "2314"]
[TimeControl "180+1"]
[EndTime "11:12:29 PST"]
[Termination "Mrlammy won by resignation"]

1. d4 Nf6 2. c4 e5 3. dxe5 Ng4 4.
Bf4 Nc6 5. Nf3 Bb4+ 6. Nbd2 Qe7 7. e3 Ngxe5 8. Nxe5 Nxe5 9. Be2 O-O 10. O-O d6 11. a3 Bc5 12. b4 Bb6 13. Qc2 a6 14.
Nb3 Ng6 15. Bg3 Be6 16. Rac1 Rad8 17. Rfd1 Ba7 18. Nd4 Bb8 19. c5 dxc5 20. bxc5 c6 21. f4 Bd5 22. Bf2 Bxf4 23. exf4 Nxf4 24. Bf1 Qg5 25. Bg3 Nh5 26. Bd6 Rfe8 27. Qd2 Qg6 28. Bd3 Qf6 29. Kh1 Qh4 30. Nf5 Qg4 31. Qf2 Re6 32.
Ng3 Rf6 33. Qe3 Nf4 34. Bxf4 Rxf4 35. Rf1 Rxf1+ 36. Rxf1 h5 37. Qf2 h4 38. Nf5 h3 39. Kg1 hxg2 40. Re1 Kh8 41. Qh4+ Qxh4 42. Nxh4 g6 43. Nxg2 Bxg2 44. Bc4 Rd4 45. Bxf7 Bd5 46.
Bxg6 Rg4+ 47. Kf2 Rxg6 48. Re8+ Kg7 49. Re7+ Kh6 50. Rxb7 Rf6+ 51. Kg3 Rf7 52. Rb6 Rg7+ 53. Kf4 Rg2 54. Rxa6 Rxh2 55. Ke5 Re2+ 56. Kd6 Rc2 57. a4 Kg5 58. a5 Ra2 59. Ra8 Kf5 60. a6 Ke4 61.
Kc7 Kd4 62. Kd6 Ra5 63. a7 Kc4 64. Kc7 Kxc5 65. Kb7 Kd4 66. Rd8 c5+ 67. Kb6 Ra1 68. Kc7 Rxa7+ 69. Kb6 Ra3 70. Kc7 Rb3 71. Kd6 c4 72.
Rh8 Be4 73. Rh4 Kd3 74. Rh3+ Kd4 75. Rh4 c3 76. Rh8 c2 77. Rc8 Rc3 0-1

[Event "*** Titled Tuesday Blitz"]
[Site "Chess.com"]
[Date "2021.03.09"]
[Round "6"]
[White "Gerodot71"]
[Black "ikhasu"]
[Result "1-0"]
[WhiteElo "2578"]
[BlackElo "2395"]
[TimeControl "180+1"]
[EndTime "11:12:39 PST"]
[Termination "Gerodot71 won by checkmate"]

1. d4 Nf6 2. c4 c5 3. d5 b5 4. cxb5 a6 5. bxa6 Bxa6 6. Nc3 g6 7. e4 Bxf1 8. Kxf1 d6 9. g3 Bg7 10. Kg2 O-O 11. Nf3 Qb6 12. Qc2 Na6 13. Bf4 Rfb8 14. Rhb1 Nd7 15. Qe2 Qa5 16. e5 dxe5 17. Nxe5 Nxe5 18.
Bxe5 Bxe5 19. Qxe5 Rb7 20. Ne4 Rab8 21. b3 c4 22. Qd4 cxb3 23. axb3 Qb4 24. Qe3 Nc7 25.
d6 Nd5 26. Qf3 f5 27. Ng5 Qxd6 28. Rd1 e6 29. Rd3 Qe7 30. h4 Nf6 31. Re1 e5 32. Qd1 e4 33. Rc3 Rd7 34. Qc2 h6 35. Nh3 Ng4 36. Nf4 Qf6 37. Rc6 Rd6 38. Qc4+ Kh8 39. Rxd6 Qxd6 40. Qf7 Ne5 41. Qa7 Rxb3 42. Qa5 Rb8 43.
Qxe5+ Qxe5 44. Nxg6+ Kg7 45. Nxe5 Kf6 46. Nc4 Rb4 47.
Ne3 Rb2 48. Kg1 Ke5 49. Rd1 Re2 50. Rd5+ Ke6 51. Ra5 Rb2 52. Nxf5 h5 53. Ne3 Re2 54. Rxh5 Re1+ 55. Kg2 Rb1 56. Rg5 Kf6 57. Rg4 Rb5 58. Rf4+ Kg6 59. g4 Rc5 60. h5+ Kh6 61. Rxe4 Rg5 62. Kg3 Kh7 63. Re6 Kh8 64. Nf5 Kh7 65. Kh4 Rg8 66. g5 Rf8 67. g6+ Kg8 68. Kg5 Rb8 69. h6 Rb7 70. Re8# 1-0

[Event "*** Titled Tuesday Blitz"]
[Site "Chess.com"]
[Date "2021.03.09"]
[Round "6"]
[White "GMKrikor"]
[Black "bsnsun"]
[Result "1-0"]
[WhiteElo "2708"]
[BlackElo "2455"]
[TimeControl "180+1"]
[EndTime "11:12:40 PST"]
[Termination "GMKrikor won by resignation"]

1. Nf3 d5 2. c4 c6 3. e3 Nf6 4. Nc3 Bf5 5. cxd5 cxd5 6. Qb3 Qb6 7. Nxd5 Nxd5 8. Qxd5 e6 9. Qb5+ Nc6 10. Nd4 Be4 11.
f3 Bd5 12. Qxb6 axb6 13. Nb5 Rxa2 14. Rxa2 Bxa2 15. d4 Bb4+ 16. Bd2 Kd7 17. Bd3 Bb3 18. Ke2 Ra8 19. Rc1 Bxd2 20. Kxd2 Rc8 21. h4 e5 22. Bf5+ Be6 23. Bxe6+ Kxe6 24. dxe5 Kxe5 25. Ke2 Rd8 26. Nc3 f5 27. Na4 b5 28. Nc5 Na5 29. Nd3+ Kf6 30.
Rc5 Nc4 31. b3 Nd6 32. Rd5 b6 33. h5 Ke6 34. Nf4+ Kf6 35. Kd3 b4 36. g3 g5 37.
hxg6 hxg6 38. Ne2 Ke6 39. Nf4+ Kf6 40. Rd4 Ke5 41. Nxg6+ Kf6 42. Nf4 Ke5 43. Rd5+ Kf6 44. Ke2 b5 45. Nd3 Ke6 46. Nf4+ Kf6 47. Nd3 Ke6 48.
Rc5 Rg8 49. Nf4+ Kf6 50. Rd5 Ke7 51. Kd3 Rxg3 52. Re5+ Kd7 53. Ke2 Rg1 54. Nd3 Rb1 55. Kd2 Rxb3 56. Nc5+ Kc7 57. Re7+ Kd8 58. Rd7+ Kc8 59.
Rxd6 Rb2+ 60. Kd3 Rb1 61. Rb6 Kc7 62. Rxb5 Kc6 63. Rxb4 Rxb4 64. Ne6 Kd6 65. Nd4 Ke5 66. f4+ Kf6 67. Kc3 Ra4 68. Kb3 Ra1 69. Kc4 Re1 70. Kd3 Ra1 71. Nc2 Ra5 72. Nb4 Kg6 73. Nc6 Rc5 74.
Nd4 Kh5 75. Ne6 Kg4 76. Nxc5 1-0

[Event "*** Titled Tuesday Blitz"]
[Site "Chess.com"]
[Date "2021.03.09"]
[Round "6"]
[White "azikom"]
[Black "Cptn2"]
[Result "1-0"]
[WhiteElo "2644"]
[BlackElo "2443"]
[TimeControl "180+1"]
[EndTime "11:12:43 PST"]
[Termination "azikom won by resignation"]

1. d4 Nf6 2. Nf3 g6 3. Bf4 Bg7 4. e3 O-O 5. Be2 d6 6. h3 c5 7.
c3 Nc6 8. Nbd2 cxd4 9. exd4 Qc7 10. Bh2 e5 11. dxe5 dxe5 12. Nc4 Rd8 13. Qc1 Nd5 14. O-O a6 15. Rd1 b5 16. Ne3 Be6 17. Nxd5 Bxd5 18. Qe3 Qe7 19. a4 b4 20. c4 Bxf3 21. Bxf3 Rac8 22. Bd5 e4 23. Rab1 Re8 24. b3 Kh8 25. c5 f5 26. Bd6 Qf6 27. a5 Nxa5 28.
Ra1 Nc6 29. Rxa6 Nd4 30. Rb6 f4 31. Bxf4 Qxf4 32. Rxd4 Qxe3 33. fxe3 Bxd4 34. exd4 Rcd8 35. Bc6 Rf8 36. Rxb4 e3 37. Bf3 Rb8 38. Rxb8 Rxb8 39. Bd1 e2 40. Bxe2 Rxb3 41. Bf3 Kg7 42. c6 Kf6 43. d5 Ke7 44. Kf2 Rc3 45. Ke2 Kd6 46.
Kd2 Rc5 47. Kd3 Ra5 48. Kc4 Ra4+ 49. Kb5 Ra2 50. Kb4 Rb2+ 51. Kc3 Ra2 52. Kd4 Ra4+ 53. Ke3 g5 54. Be4 h6 55. Bf3 Ra3+ 56. Ke4 Ra8 57. Kf5 Rg8 58. Kf6 h5 59. Bxh5 Rf8+ 60. Kxg5 Rg8+ 61.
Bg6 Kxd5 62. h4 Kxc6 63. h5 Kd6 64.
Kf6 Rf8+ 65. Bf7 Rh8 66. g4 Kd7 67. g5 Ra8 68. h6 Ra6+ 69. Kg7 Ra8 70. g6 Ke7 71. h7 Rf8 72. h8=Q 1-0

[Event "*** Titled Tuesday Blitz"]
[Site "Chess.com"]
[Date "2021.03.09"]
[Round "6"]
[White "Oglob71"]
[Black "PrinceMurad09"]
[Result "0-1"]
[WhiteElo "2392"]
[BlackElo "2562"]
[TimeControl "180+1"]
[EndTime "11:12:54 PST"]
[Termination "PrinceMurad09 won on time"]

1. d4 Nf6 2. Nf3 c5 3. d5 b5 4.
Bg5 Qb6 5. a4 bxa4 6. Nc3 Qxb2 7. Bd2 Qb7 8. e4 d6 9. Bb5+ Bd7 10. Rb1 Qc8 11. O-O Bxb5 12. Rxb5 Nbd7 13. Re1 g6 14. e5 dxe5 15. Nxe5 Nxe5 16. Rxe5 Nd7 17.
Re4 Bg7 18. Qe2 Qd8 19. Nxa4 O-O 20. Nxc5 Nf6 21. Rxe7 Qxd5 22. Nd7 Qxd7 23. Rxd7 Nxd7 24. g3 Rfe8 25. Qf3 Ne5 26. Qb7 Rad8 27. Be3 Rd7 28. Qa6 Ng4 29. Bxa7 Rd2 30. h3 Ne5 31. Rb8 Nf3+ 32.
Kg2 Ne1+ 33. Kh2 Rxb8 34. Bxb8 Rxf2+ 35. Kg1 Rxc2 36. Kf1 Nf3 37. Qd3 Rc8 38. Bf4 Nd4 39. h4 h5 40. Kg2 Re8 41. Be3 Nf5 42. Bf4 Bf6 43. Kh2 Kg7 44. Qb5 Re6 45. Kg2 Re4 46.
Bg5 Bxg5 47. hxg5 Rg4 48. Qb2+ Kg8 49. Qb8+ Kg7 50. Qb2+ Kh7 51. Qf6 Kg8 52. Qd8+ Kg7 53. Qf6+ Kg8 54. Qd8+ Kh7 55. Qf6 Rxg3+ 56. Kf2 Rg4 57.
Qxf7+ Ng7 58. Qe7 Rf4+ 59. Kg2 Kg8 60. Qd8+ Rf8 61. Qd5+ Kh7 62. Qd7 Rf5 63. Qe7 Kg8 64. Qd8+ Kf7 65. Qd7+ Kf8 66. Qd8+ Ne8 67. Kg3 Re5 68. Kh4 Kf7 69. Qd7+ Re7 70. Qd5+ Kf8 71. Qc5 Ng7 72. Qc8+ Kf7 73. Qc4+ Re6 74. Qc7+ Re7 75. Qc4+ Ne6 76. Qd5 Ke8 77. Kg3 Ng7 78. Qc6+ Kf7 79. Qd5+ Ne6 80. Qc4 Ke8 81. Qd5 Ng7 82. Qg8+ Kd7 83.
Qd5+ Kc7 84. Qc5+ Kd8 85. Qd5+ Rd7 86. Qg8+ Kc7 87. Qc4+ Kd6 88. Qd4+ Ke6 89. Qe4+ Kf7 0-1

[Event "*** Titled Tuesday Blitz"]
[Site "Chess.com"]
[Date "2021.03.09"]
[Round "6"]
[White "fabianvivasz"]
[Black "cukin84"]
[Result "1/2-1/2"]
[WhiteElo "2283"]
[BlackElo "2126"]
[TimeControl "180+1"]
[EndTime "11:13:06 PST"]
[Termination "Game drawn - insufficient material"]

1. e4 c6 2. Nc3 d5 3. Nf3 Nf6 4.
e5 Ne4 5. Ne2 Bg4 6. Nfg1 Nc5 7.
d4 Ne6 8. h3 Bh5 9. g4 Bg6 10. Ng3 h5 11. gxh5 Be4 12. Nxe4 dxe4 13. c3 Qb6 14. Bg2 Nd7 15. Bxe4 O-O-O 16. Qf3 f6 17.
Bf5 Nc7 18. e6 Nb8 19. Ne2 Nba6 20. c4 Qb4+ 21. Qc3 Rxh5 22. Ng3 Rh4 23. Be3 Rdxd4 24. Bxd4 Rxd4 25. Qxb4 Nxb4 26. a3 Nd3+ 27. Bxd3 Rxd3 28. Rd1 Rxd1+ 29. Kxd1 Nxe6 30. Re1 Nf4 31. h4 e5 32. Ne2 Nd3 33. Rf1 Nxb2+ 34. Kc2 Nxc4 35. a4 Kc7 36. h5 Kb6 37. Rb1+ Kc7 38. Ng3 Na3+ 39. Kb2 Nxb1 40. Kxb1 Kd6 41. Kc2 Ke6 42. Ne4 f5 43. Nd2 Kf6 44. Nc4 e4 45. Na5 b6 46. Nxc6 Kg5 47. Nxa7 Kxh5 48. Kd2 Bc5 49. Ke2 g5 50. Nb5 f4 51. Nc3 e3 52. fxe3 Bxe3 53.
Nd5 Bc5 54. Kf3 Kg6 55. Kg4 Bd4 56. Nc7 Bc5 57. Nb5 Bd4 58. Nc3 Be3 59. Ne4 Bd4 60. Nd6 Be3 61. Ne4 Bc5 62. Nxg5 Be3 63. Ne4 Bc5 64. Kf3 Be3 65. Nc3 Bc5 66. Kxf4 Kf6 67. Ke4 Ke6 68. Nd5 Kd6 69. Nf4 Kc6 70. Kd3 Bb4 71. Kc4 Ba5 72. Nd3 Bd2 73. Ne5+ Kb7 74. Nf3 Ba5 75. Kb5 Ka7 76. Nd4 Kb7 77. Nc6 Be1 78.
Ne5 Ka7 79. Nc4 Kb7 80. Nxb6 Ka7 81. Nd5 Kb7 82. Nb6 Ka7 83. Nc4 Kb7 84. Nb2 Ka7 85. Nd3 Bd2 86. Ne5 Kb7 87. Nc4 Be1 88. Nd6+ Ka7 89.
Kc4 Ka6 90. Nb5 Ka5 91. Kb3 Bd2 92. Nd6 Be1 93. Ne4 Ka6 94. Nc5+ Ka5 95. Nd3 Bd2 96. Nb2 Be1 97. Kc2 Kb4 98. Nd3+ Kxa4 1/2-1/2

[Event "*** Titled Tuesday Blitz"]
[Site "Chess.com"]
[Date "2021.03.09"]
[Round "6"]
[White "katchesskat"]
[Black "Bodnar_Mykola"]
[Result "1-0"]
[WhiteElo "2327"]
[BlackElo "2481"]
[TimeControl "180+1"]
[EndTime "11:13:11 PST"]
[Termination "katchesskat won by checkmate"]

1. c4 Nf6 2. Nf3 g6 3. b4 Bg7 4. Bb2 O-O 5. Qc2 d6 6. h4 Bf5 7. d3 a5 8. a3 axb4 9. axb4 Rxa1 10. Bxa1 c5 11. b5 d5 12. e3 d4 13. exd4 Ng4 14.
Be2 cxd4 15. O-O e5 16. Nbd2 Nd7 17. Re1 Nc5 18. Ng5 h6 19. Bxg4 Bxg4 20. Nge4 Nxe4 21. Nxe4 Qxh4 22. c5 Be6 23. Nd6 Bd5 24. c6 bxc6 25.
bxc6 Qe7 26. Nb5 Rc8 27. c7 Qd7 28. Rb1 Bc6 29. Na7 Rxc7 30. Rb8+ Kh7 31. Nxc6 Rxc6 32. Qd2 Qc7 33. Rb1 Rc2 34. Qe1 Qd7 35. Qd1 Ra2 36.
Rb2 Ra6 37. Rb1 Rf6 38. Bb2 Rf5 39. Qe2 Rg5 40. Re1 h5 41. f3 h4 42. Bc1 Rf5 43. Qe4 Qe7 44. Qg4 Qf6 45. f4 exf4 46. Rf1 g5 47. Qh5+ Qh6 48. Qg4 Rf6 49. Re1 Qg6 50.
Re4 Bh6 51. Bb2 Rb6 52. Bxd4 Rb1+ 53. Kh2 Rb3 54. Re8 Bg7 55. Bxg7 Kxg7 56. Qf3 Rxd3 57.
Qf2 Rg3 58. Qb2+ Qf6 59. Rg8+ Kxg8 60. Qxf6 Kf8 61. Qh6+ Ke7 62. Qg7 Ke6 63. Qf8 f6 64. Qe8+ Kf5 65. Qe7 Kg6 66. Qe6 Re3 67. Qd6 Re5 68. Qd3+ Kh6 69. Qc2 Re3 70. Qc6 Kg6 71.
Qd7 Re5 72. Qd8 Kf5 73. Qf8 Re3 74. Qf7 Re5 75. Qh7+ Ke6 76. Kh3 Re3+ 77. Kg4 Rg3+ 78. Kh5 Rxg2 79. Kg6 Rg3 80. Qf7+ Ke5 81. Qxf6+ Ke4 82.
Qe6+ Kf3 83. Kf5 Kg2 84. Qe4+ f3 85. Qd5 Kg1 86. Qd1+ Kh2 87. Qe1 g4 88. Qf1 Rg2 89. Kf4 f2 90. Kg5 g3 91. Kxh4 Rg1 92. Qh3# 1-0

[Event "*** Titled Tuesday Blitz"]
[Site "Chess.com"]
[Date "2021.03.09"]
[Round "6"]
[White "Kurkusha"]
[Black "AldokhinIvan"]
[Result "1-0"]
[WhiteElo "2374"]
[BlackElo "2510"]
[TimeControl "180+1"]
[EndTime "11:13:18 PST"]
[Termination "Kurkusha won by resignation"]

1. Nf3 Nf6 2. c4 g6 3. g3 Bg7 4. Bg2 O-O 5. O-O Nc6 6. d4 d6 7.
Nc3 Bf5 8. Bf4 Ne4 9. Nxe4 Bxe4 10. Qb3 Nxd4 11. Nxd4 Bxg2 12. Kxg2 Bxd4 13. Rfd1 e5 14. Bh6 Re8 15. e3 Bb6 16. Qc3 Qd7 17. b4 a5 18.
a3 axb4 19. axb4 Qc6+ 20. Kg1 Qf3 21. c5 Ra2 22. Rf1 Rxa1 23. Rxa1 Qh5 24. cxb6 cxb6 25. Qc7 Qxh6 26. Qxd6 Qf8 27. Qxb6 Qe7 28. Ra7 Rb8 29. h4 h5 30. Kg2 Kg7 31. Qb5 Qc7 32. Ra5 Kf6 33. f4 exf4 34. gxf4 Qc6+ 35. Kg3 Qe6 36.
Qg5+ Kg7 37. Qe5+ Qxe5 38. Rxe5 Kf6 39. Rb5 Ke6 40. Kf3 b6 41. Ke4 f5+ 42. Kd4 Kd6 43.
Kc4 Rc8+ 44. Kd4 Kc6 45. Re5 Rd8+ 46. Kc4 Rd6 47. b5+ Kd7 48. Rd5 Kc7 49. Re5 Rd1 50.
Re7+ Kd8 51. Rb7 Re1 52. Kd4 Rd1+ 53. Ke5 Rh1 54. Rxb6 Rxh4 55. Rxg6 Rh3 56. Kd4 h4 57. Rh6 Kc7 58. Rh5 Rh1 59. Rxf5 h3 60. Rh5 h2 61. Ke5 Re1 62. Rxh2 Rxe3+ 63. Kf6 Rb3 64. f5 Kd7 65. Rd2+ Ke8 66. Kg7 Rg3+ 67. Kf6 Rb3 68. Rd5 Kf8 69. Re5 Rb4 70. Rc5 Ke8 71. Ke6 Re4+ 72. Kd5 Rb4 73. Ke5 Ke7 74. f6+ Kd7 75. Kf5 Ke8 76. Ke6 Re4+ 77.
Re5 Rb4 78. Rc5 Re4+ 79. Kf5 Rb4 80. Kg6 Rg4+ 81. Rg5 Rb4 82. Re5+ Kf8 83. Rc5 Rg4+ 84. Kf5 Rb4 85. Ke6 Re4+ 86. Kd5 Rb4 87. Kc6 Kf7 88. b6 Kxf6 89. b7 Ke7 90. Kc7 Rb5 91.
Rxb5 1-0